 Dungeon Crawl Stone Soup version 0.28-a0-1395-g4f6bc678fa (webtiles) character file.

Game seed: 6497365189409127133

256 eustatius the Magician (level 5, -1/24 HPs)
             Began as a Spriggan Venom Mage on Jan 4, 2022.
             Was an Initiate of Cheibriados.
             Killed from afar by Sigmund (7 damage)
             ... with a magic dart
             ... on level 3 of the Dungeon.
             The game lasted 00:19:29 (3779 turns).

eustatius the Magician (Spriggan Venom Mage)        Turns: 3779, Time: 00:19:29

Health: -1/24      AC:  2    Str:  5    XL:     5   Next: 92%
Magic:  11/12      EV: 18    Int: 20    God:    Cheibriados [......]
Gold:   126        SH:  0    Dex: 16    Spells: 12/13 levels left

rFire   . . .      SeeInvis +   r - +2 dagger (elec)
rCold   . . .      Faith    .   (no shield)
rNeg    . . .      Spirit   .   a - +0 robe
rPois   .          Reflect  .   (helmet restricted)
rElec   .          Harm     .   (no cloak)
rCorr   .          Rampage  .   (gloves unavailable)
Will    .....                   (boots unavailable)
Stlth   +.........              (no amulet)
HPRegen 0.08/turn               (no ring)
MPRegen 0.13/turn               (no ring)

@: confused, quick
A: very small, no large weapons, unfitting armour, see invisible, speed 3
a: Renounce Religion


You were on level 3 of the Dungeon.
You worshipped Cheibriados.
Cheibriados was noncommittal.
You visited 1 branch of the dungeon, and saw 3 of its levels.

You collected 126 gold pieces.

Inventory:

Hand Weapons
 b - a +0 short sword
 d - a +0 hunting sling
 g - a +0 dagger
 r - a +2 dagger of electrocution (weapon)
 t - a +0 vorpal mace
Missiles
 j - 35 stones
 m - 2 boomerangs
 s - 8 poisoned darts
Armour
 a - a +0 robe (worn)
 h - an orb of wrath
Jewellery
 v - a ring of fire
Wands
 q - a wand of paralysis (10) (quivered)
Scrolls
 c - 2 scrolls of vulnerability {unknown}
 e - a scroll of enchant armour {unknown}
 l - a scroll of blinking {unknown}
 n - a scroll of holy word {unknown}
 o - a scroll of magic mapping {unknown}
 p - a scroll of summoning {unknown}
Potions
 f - a potion of curing
 i - a potion of attraction {unknown}
 k - a potion of berserk rage {unknown}
 u - a potion of heal wounds {unknown}


   Skills:
 + Level 0.2 Fighting
 + Level 3.2 Dodging
 + Level 3.3 Stealth
 + Level 4.5 Spellcasting
 + Level 4.4 Transmutations
 * Level 4.4 Poison Magic


You had 12 spell levels left.
You knew the following spells:

 Your Spells              Type           Power      Damage    Failure   Level
a - Sting                 Tmut/Pois      88%        1d7       1%          1

Your spell library contained the following spells:

 Spells                   Type           Power      Damage    Failure   Level
 Passwall                 Tmut/Erth      10%        N/A       8%          2
 Poisonous Vapours        Pois/Air       26%        N/A       8%          2
 Sandblast                Erth           8%         2d5       12%         1
 Olgreb's Toxic Radiance  Pois           22%        N/A       19%         4
 Mephitic Cloud           Conj/Pois/Air  10%        N/A       21%         3
 Stone Arrow              Conj/Erth      8%         3d7       36%         3


Dungeon Overview and Level Annotations

Branches:
Dungeon (3/15)

Altars:
Ashenzari
Cheibriados
Elyvilon
Fedhas

Annotations:
D:3 Sigmund


Innate Abilities, Weirdness & Mutations

You are very small and have problems with some larger weapons.
You are too small for most types of armour.
You have supernaturally acute eyesight. (SInv)
You cover ground extremely quickly. (Speed+++)


Message History

The magic dart hits you.
Casting: Sting (safe; 1% risk of failure)
Confirm with . or Enter, or press ? or * to list all spells.
Aiming: Sting (safe; 1% risk of failure)
Press: ? - help, Shift-Dir - straight line, f/p - Sigmund
Aim: Sigmund, wielding a +0 scythe of venom and wearing a +0 robe (poisoned, 73% to hit)
The sting hits Sigmund.
Sigmund looks even sicker.
Sigmund is lightly wounded.
Sigmund drinks a potion.
Sigmund is healed!
Sigmund looks more healthy.
Casting: Sting (safe; 1% risk of failure)
Confirm with . or Enter, or press ? or * to list all spells.
Aiming: Sting (safe; 1% risk of failure)
Press: ? - help, Shift-Dir - straight line, f/p - Sigmund
Aim: Sigmund, wielding a +0 scythe of venom and wearing a +0 robe (73% to hit)
The sting hits Sigmund.
Sigmund is poisoned.
Sigmund is lightly wounded.
Sigmund points at you and mumbles some strange words.
The magic dart hits you!
Sigmund drinks a potion.
Sigmund is healed!
Sigmund looks more healthy.
Casting: Sting (safe; 1% risk of failure)
Confirm with . or Enter, or press ? or * to list all spells.
You can't see any susceptible monsters within range! (Use Z to cast anyway.)
Casting: Sting (safe; 1% risk of failure)
Confirm with . or Enter, or press ? or * to list all spells.
Aiming: Sting (safe; 1% risk of failure)
Press: ? - help, Shift-Dir - straight line, f/p - Sigmund
Aim: Sigmund, wielding a +0 scythe of venom and wearing a +0 robe (73% to hit)
The sting hits Sigmund.
Sigmund is poisoned.
Sigmund is lightly wounded.
Sigmund closely misses you. Sigmund gestures at you while chanting.
The magic dart hits you.
* * * LOW HITPOINT WARNING * * *
Sigmund points at you and mumbles some strange words.
You are confused.
You're too confused to cast spells.
Unknown command.
Sigmund points at you and mumbles some strange words.
The magic dart hits you!
You die...

#......#.#.....####....#......###
#..........@.....##....#...####
#......#.....#....#....#...#
....#........#.@..#....#.†.######
....##.#.....#....#........#.....
....##.#.....#....#......).#.....
....##.#.....###....#......'.....
###.##.#.....##.....###....#.....
....##..........@..........#.....
###.######.####.....##.....#.....
#........).##.....##.....#.....
###...[....#.......###.....#.....
...........#.)...÷.###.#...######
........#..........##......######
#########........................
.............#..###.#............
########.#.#.#..# #..............


You could see Sigmund (poisoned).

Vanquished Creatures
  A black bear (D:3)
  Jessica (D:3)
  2 orc wizards (D:3)
  4 adders
  5 orcs (D:3)
  6 bats
  6 endoplasms
  5 giant cockroaches
  5 goblins
  6 hobgoblins
  2 quokkas (D:2)
  A ball python (D:1)
  3 frilled lizards
  6 kobolds
  3 rats (D:2)
56 creatures vanquished.

Vanquished Creatures (others)
  A goblin (D:3)
  9 demonic plants (D:2)
  5 fungi (D:2)
  3 plants (D:2)
  2 withered plants (D:2)
20 creatures vanquished.

Grand Total: 76 creatures vanquished

Notes
Turn   | Place    | Note
-------+----------+-------------------------------------------
     0 | D:1      | eustatius the Spriggan Venom Mage began the quest for the
                  | Orb.
     0 | D:1      | Reached XP level 1. HP: 9/9 MP: 5/5
   290 | D:1      | Reached XP level 2. HP: 13/13 MP: 2/7
   992 | D:2      | Reached XP level 3. HP: 16/16 MP: 4/8
  1047 | D:2      | Found a snail-covered altar of Cheibriados.
  1121 | D:2      | Became a worshipper of Cheibriados the Contemplative
  1201 | D:2      | Found Bauvoty's Antique Armour Shop.
  1361 | D:2      | Found a faded altar of an unknown god.
  2283 | D:3      | Reached XP level 4. HP: 21/21 MP: 8/10
  2391 | D:3      | Noticed Jessica
  2392 | D:3      | Noticed a black bear
  2406 | D:3      | Killed Jessica
  2434 | D:3      | Killed a black bear
  2435 | D:3      | Reached XP level 5. HP: 11/24 MP: 7/12
  3393 | D:3      | Found a blossoming altar of Fedhas.
  3393 | D:3      | Found a broken altar of Ashenzari.
  3394 | D:3      | Found a white marble altar of Elyvilon.
  3749 | D:3      | Noticed Sigmund
  3779 | D:3      | Killed from afar by Sigmund

Illustrated notes

Levels and vault maps discovered:
D:1:      minmay_arrival_up_and_down, layout_rooms, minmay_pentomino_r2
D:2:      layout_rooms, serial_shops, nicolae_shop_advertising_works
          [nicolae_subvault_shop_adworks], shapermc_ecumenical_altar_gd,
          basic_altar
D:3:      layout_basic, gammafunk_temple_overflow_claw, lemuel_old_faithful,
          uniq_jessica, uniq_sigmund

Skill      XL: |  1  2  3  4 |
---------------+-------------+-----
Spellcasting   | 3 4 |  4.5
Transmutations | 2 3 4 |  4.4
Dodging        | 3 |  3.2
Poison Magic   | 4 |  4.4
Fighting       | |  0.2
Stealth        | |  3.3

Action                   |  1- 3 |  4- 6 || total
-------------------------+-------+-------++-------
Melee: Unarmed           |     1 |       ||     1
       Dagger            |    26 |     2 ||    28
       Short sword       |     1 |       ||     1
 Cast: Sting             |    56 |    43 ||    99
Armor: Robe              |     6 |     1 ||     7
Dodge: Dodged            |    43 |    37 ||    80

Table legend: (Time is in decaauts)
 A = Elapsed time spent in this place.
 B = Non-inter-level travel time spent in this place.
 C = Inter-level travel time spent in this place.
 D = Time resting spent in this place.
 E = Time spent auto-exploring this place.
 F = Levels seen in this place.
 G = Mean time per level.
                   A        B        C        D        E       F      G
               +--------+--------+--------+--------+--------+-----+--------+
         Total |   3297 |   3265 |     32 |      0 |   2014 |   3 | 1099.0 |
       Dungeon |   3297 |   3265 |     32 |      0 |   2014 |   3 | 1099.0 |
               +--------+--------+--------+--------+--------+-----+--------+

Top non-repeatable levels by time:
     D:3: 1403 daAuts
     D:2: 1193 daAuts
     D:1: 699 daAuts
